 Dungeon Crawl Stone Soup version 0.31-a0-4-gefa6de2278 (webtiles) character file.

Game seed: 7287543521940654459

27 Jarnaxa the Poker (level 3, 0/35 HPs)
             Began as a Gnoll Cinder Acolyte on May 4, 2023.
             Was an Elder of Ignis.
             Succumbed to an orc wizard's poison
             ... on level 2 of the Dungeon.
             The game lasted 00:05:42 (1611 turns).

Jarnaxa the Poker (Gnoll Cinder Acolyte)            Turns: 1611, Time: 00:05:42

Health: 0/35       AC: 15    Str: 15    XL:     3   Next: 10%
Magic:  7/7        EV: 10    Int: 13    God:    Ignis [****..]
Gold:   96         SH:  0    Dex:  7    Spells: 5/7 levels left

rFire   + . .        h - +0 spear
rCold   . . .        (no shield)
rNeg    . . .        f - +0 ring mail
rPois   +            o - +0 helmet
rElec   .            (no cloak)
rCorr   .            (no gloves)
SInv    .            d - +1 pair of boots
Will    .....        (no amulet) Stlth
                     n - ring of poison resistance
HPRegen 0.25/turn    (no ring)
MPRegen 0.10/turn

%: no passive effects
@: lethally poisoned (0 -> -3), fiery-armoured
A: fangs 1, strong nose, distributed training
a: Renounce Religion, Fiery Armour, Foxfire Swarm


You were on level 2 of the Dungeon.
You worshipped Ignis.
Ignis was greatly pleased with you.
You visited 1 branch of the dungeon, and saw 4 of its levels.

You collected 96 gold pieces.

Inventory:

Hand Weapons
 h - a +0 spear (weapon)
Missiles
 g - 10 boomerangs (quivered)
Armour
 d - a +1 pair of boots (worn)
 f - a +0 ring mail (worn)
 o - a +0 helmet (worn)
Jewellery
 n - a ring of poison resistance (left hand)
 q - a ring of protection from fire
Scrolls
 e - 2 scrolls of identify {unknown}
 i - a scroll of immolation {unknown}
 j - a scroll of teleportation {unknown}
 m - a scroll of brand weapon {unknown}
Potions
 a - a potion of mutation {unknown}
 b - a potion of cancellation {unknown}
 c - a potion of degeneration {unknown}
 k - a potion of haste {unknown}
 l - a potion of curing {unknown}
 p - a potion of lignification {unknown}


   Skills:
 + Level 6.5 Fighting
 + Level 0.6 Short Blades
 + Level 0.6 Long Blades
 + Level 0.6 Axes
 + Level 0.6 Maces & Flails
 + Level 6.5 Polearms
 + Level 0.6 Staves
 + Level 0.6 Ranged Weapons
 + Level 0.6 Throwing
 + Level 0.6 Armour
 + Level 0.6 Dodging
 + Level 0.6 Stealth
 + Level 0.6 Shields
 + Level 0.6 Unarmed Combat
 + Level 2.8 Spellcasting
 + Level 0.4 Conjurations
 + Level 0.4 Hexes
 + Level 0.4 Summonings
 + Level 0.4 Necromancy
 + Level 0.4 Translocations
 + Level 0.4 Transmutations
 + Level 5.4 Fire Magic
 + Level 0.4 Ice Magic
 + Level 0.4 Air Magic
 + Level 0.4 Earth Magic
 + Level 0.4 Poison Magic
 + Level 0.8 Invocations
 + Level 0.6 Evocations


You had 5 spell levels left.
You knew the following spells:

 Your Spells              Type           Power      Damage    Failure   Level
a - Scorch                Fire           30%        2d6       8%          2

Your spell library contained the following spells:

 Spells                   Type           Power      Damage    Failure   Level
 Cigotuvi's Dreadful Rot  Necr/Pois/Air  6%         N/A       50%         2
 Ignite Poison            Fire/Tmut/Pois 7%         N/A       52%         3
 Freezing Cloud           Conj/Ice/Air   1%         6-21      100%        5


Dungeon Overview and Level Annotations

Branches:
Dungeon (4/15)
 Temple: D:4-7

Altars:

Annotations:
D:2 1 runed translucent door, Crazy Yiuf
D:3 Sigmund


Innate Abilities, Weirdness & Mutations

You have very sharp teeth.
Your uncanny sense of smell can sniff out nearby items.
Your experience applies equally to all skills.


Message History

Something hits you but does no damage.
You are poisoned.
You bump into the rock wall.
You feel sick. Sigmund casts a spell at you.
You bump into the rock wall.
You feel sick.
Sigmund hits you from afar with a +2 scythe of protection.
Something hits you but does no damage.
You are more poisoned.
You feel sick.
You bump into the rock wall.
You feel sick. Sigmund gestures at you while chanting.
Something hits you but does no damage.
You hit something.
You feel less confused.
You feel sick. Sigmund gestures at you while chanting.
The magic dart hits something.
You begin to rise into the air.
You feel sick. Something hits you but does no damage.
You are lethally poisoned!
Sigmund gestures at you while chanting.
Activating: Foxfire Swarm
Press: ? - help, Dir - look around, f - activate Flames leap up around you!
With a burst of heat and light, you rocket upward!
Your summoned allies are left behind.
Level annotation: 1 runed translucent door, Crazy Yiuf Reactivating autopickup.
* * * LOW HITPOINT WARNING * * *
You feel very sick.
There is a shaft here.
* * * LOW HITPOINT WARNING * * *
You feel very sick.
* * * LOW HITPOINT WARNING * * *
You feel sick.
* * * LOW HITPOINT WARNING * * *
You feel sick.
* * * LOW HITPOINT WARNING * * *
You feel sick.
You die...

#..)....>...........#
#.# #....
#.......[.###########
#.# #....
#......##..########
#.# #....
#......###.#....^.#
###.## #.... #......#
#.'......# #....#
##### #......#
###......# #....#
###....# #......#
#....# ######
#......####....#
###..@.(..'...)####
##...####...)'..#
#...# #....##.####
#(..# ###'###.....
##### #####
#.#######. ###...##
#.........
.......#####
##########
###........# #
#........#


There were no monsters in sight!

Vanquished Creatures
  2 orcs (D:3)
  3 endoplasms
  2 goblins
  2 hobgoblins
  3 jackals (D:1)
  3 ball pythons
  A bat (D:1)
  A frilled lizard (D:2)
  3 kobolds
  3 rats
23 creatures vanquished.

Vanquished Creatures (others)
  12 foxfires (D:1)
12 creatures vanquished.

Grand Total: 35 creatures vanquished

Notes
Turn   | Place    | Note
-------+----------+-------------------------------------------
     0 | D:1      | Jarnaxa the Gnoll Cinder Acolyte began the quest for the
                  | Orb.
     0 | D:1      | Reached XP level 1. HP: 23/23 MP: 4/4
   299 | D:1      | Reached XP level 2. HP: 26/29 MP: 5/5
  1137 | D:2      | Learned a level 2 spell: Scorch
  1468 | D:2      | Found a runed translucent door.
  1469 | D:2      | Noticed Crazy Yiuf
  1522 | D:2      | You fall into a shaft and drop 2 floors!
  1535 | D:3      | Found a faded altar of an unknown god.
  1585 | D:3      | Noticed Sigmund
  1593 | D:3      | Reached XP level 3. HP: 28/35 MP: 7/7
  1610 | D:2      | HP: 1/35 [poisoned by an orc wizard]
  1611 | D:2      | Succumbed to an orc wizard's poison

Illustrated notes

Levels and vault maps discovered:
D:1:      lightli_arrival_chessboard, layout_basic, chequers_jeans
D:2:      layout_basic, uniq_crazy_yiuf_cottage
D:3:      layout_loops_cross, kennysheep_okawaru_gauntlet,
          gammafunk_ghost_nasty_kobolds, basic_ecumenical_altar, minivault_5,
          uniq_sigmund
D:4:      layout_basic, old_standard_altar, minmay_temple_entry_arrows,
          nicolae_specific_store, uniq_duvessa

Action                     || total
---------------------------++-------
  Melee: Spear             ||    79
         Punch             ||     1
         Bite              ||     8
 Invoke: Foxfire Swarm     ||     2
         Fiery Armour      ||     1
         Rising Flame      ||     1
 Armour: Robe              ||     3
         Leather armour    ||     1
         Ring mail         ||    21
  Dodge: Dodged            ||    33

Table legend: (Time is in decaauts)
 A = Elapsed time spent in this place.
 B = Non-inter-level travel time spent in this place.
 C = Inter-level travel time spent in this place.
 D = Time resting spent in this place.
 E = Time spent auto-exploring this place.
 F = Levels seen in this place.
 G = Mean time per level.
                   A        B        C        D        E       F      G
               +--------+--------+--------+--------+--------+-----+--------+
         Total |   1591 |   1506 |     85 |      0 |   1172 |   4 |  397.8 |
       Dungeon |   1591 |   1506 |     85 |      0 |   1172 |   4 |  397.8 |
               +--------+--------+--------+--------+--------+-----+--------+

Top non-repeatable levels by time:
     D:1: 948 daAuts
     D:2: 563 daAuts
     D:3: 66 daAuts
     D:4: 12 daAuts
